BR (22 & UNDER)
FORT COLLINS COMMONERS @ PUEBLO PRAIRIE DOGS
09/04/2029
 
TOP OF THE 1ST
Fort Collins Commoners batting - Pitching for Pueblo Prairie Dogs : LHP John Avery
Pitching: LHP John Avery
Batting: RHB Ron Moore 0-0: Ball
1-0: Called Strike
1-1: Swinging Strike
1-2: Ball
2-2: Strikes out looking
Batting: RHB António Rodríguez 0-0: Ball
1-0: Ball
2-0: Ball
3-0: Called Strike
3-1: Base on Balls
Batting: LHB Paul Lee 0-0: Ground out U3 (Groundball, 3)
António Rodríguez to second
Batting: RHB David Brady 0-0: Ball
1-0: Swinging Strike
1-1: Fly out, F8 (Flyball, 8RS)
Top of the 1st over - 0 runs, 0 hits, 0 errors, 1 left on base; Fort Collins 0 - Pueblo 0
BOTTOM OF THE 1ST
Pueblo Prairie Dogs batting - Pitching for Fort Collins Commoners : LHP Mario Peña
Pitching: LHP Mario Peña
Batting: RHB Steve Murphy 0-0: Fly out, F8 (Flyball, 8RS)
Batting: RHB Eric Barthorpe 0-0: Ball
1-0: Foul Ball, location: 2F
1-1: Fly out, F4 (Line Drive, 4M)
Batting: RHB Danny Boykins 0-0: Ball
1-0: Ball
2-0: Called Strike
2-1: SINGLE (Groundball, 6MD)
Batting: RHB Harry Wilkins 0-0: Ball
1-0: Swinging Strike
1-1: Ball
2-1: 2-RUN HOME RUN (Flyball, 78XD), Distance : 424 ft
Batting: LHB Bartholomeu Marrafa 0-0: Ball
1-0: Ball
2-0: Foul Ball, location: 2F
2-1: Foul Ball, location: 2F
2-2: Strikes out swinging wild pitch, reaches first!
Batting: SHB Jeff Page 0-0: Foul Ball, location: 2F
0-1: Fly out, F9 (Flyball, 9)
Bottom of the 1st over - 2 runs, 2 hits, 0 errors, 1 left on base; Fort Collins 0 - Pueblo 2
TOP OF THE 2ND
Fort Collins Commoners batting - Pitching for Pueblo Prairie Dogs : LHP John Avery
Batting: LHB Caleb Ruíz 0-0: Swinging Strike
0-1: Ball
1-1: Foul Ball, location: 2F
1-2: Ball
2-2: Foul Ball, location: 2F
2-2: SINGLE (Groundball, 4MD)
Batting: RHB Ismael Rodríguez 0-0: Ball
1-0: Ball
2-0: Ball
3-0: Called Strike
3-1: Fielders Choice at 2nd, 1-6 (Groundball, 13S)
Batting: LHB Matt Taylor 0-0: Ball
1-0: Ball
2-0: Ball
3-0: Called Strike
3-1: Foul Ball, location: 2F
3-2: Base on Balls
Ismael Rodríguez to second
Batting: RHB Edward Green 0-0: Swinging Strike
0-1: Foul Ball, location: 2F
0-2: Strikes out swinging
Batting: SHB Paul Davenport 0-0: Ball
1-0: Fly out, F5 (Popup, 25)
Top of the 2nd over - 0 runs, 1 hit, 0 errors, 2 left on base; Fort Collins 0 - Pueblo 2
BOTTOM OF THE 2ND
Pueblo Prairie Dogs batting - Pitching for Fort Collins Commoners : LHP Mario Peña
Batting: LHB Jesse Bowen 0-0: Called Strike
0-1: Foul Ball, location: 2F
0-2: Strikes out swinging
Batting: RHB Pedro Cavazos 0-0: Swinging Strike
0-1: Swinging Strike
0-2: Ball
1-2: Ground out 6-3 (Groundball, 6)
Batting: RHB Ramón Garza 0-0: Foul Ball, location: 2F
0-1: Fly out, F4 (Popup, 4)
Bottom of the 2nd over - 0 runs, 0 hits, 0 errors, 0 left on base; Fort Collins 0 - Pueblo 2
TOP OF THE 3RD
Fort Collins Commoners batting - Pitching for Pueblo Prairie Dogs : LHP John Avery
Batting: RHB Ron Moore 0-0: Called Strike
0-1: Ball
1-1: Swinging Strike
1-2: Strikes out swinging
Batting: RHB António Rodríguez 0-0: Swinging Strike
0-1: Ball
1-1: Fly out, F9 (Flyball, 9D)
Batting: LHB Paul Lee 0-0: Called Strike
0-1: Foul Ball, location: 2F
0-2: Ground out 3-1 (Groundball, 34S)
Top of the 3rd over - 0 runs, 0 hits, 0 errors, 0 left on base; Fort Collins 0 - Pueblo 2
BOTTOM OF THE 3RD
Pueblo Prairie Dogs batting - Pitching for Fort Collins Commoners : LHP Mario Peña
Batting: RHB Steve Murphy 0-0: Ball
1-0: Ball
2-0: Foul Ball, location: 2F
2-1: Ground out 2-3 (Groundball, 2L)
Batting: RHB Eric Barthorpe 0-0: Foul Ball, location: 2F
0-1: DOUBLE (Line Drive, 78D)
Batting: RHB Danny Boykins 0-0: Ball
1-0: Foul Ball, location: 2F
1-1: Ball
2-1: Foul Ball, location: 2F
2-2: Strikes out swinging, 2-3 out at first.
Batting: RHB Harry Wilkins 0-0: Called Strike
0-1: Foul Ball, location: 2F
0-2: Foul Ball, location: 2F
0-2: Strikes out swinging
Bottom of the 3rd over - 0 runs, 1 hit, 0 errors, 1 left on base; Fort Collins 0 - Pueblo 2
TOP OF THE 4TH
Fort Collins Commoners batting - Pitching for Pueblo Prairie Dogs : LHP John Avery
Batting: RHB David Brady 0-0: Foul Ball, location: 2F
0-1: Called Strike
0-2: Ball
1-2: Strikes out swinging
Batting: LHB Caleb Ruíz 0-0: Fly out, F9 (Flyball, 9LD)
Batting: RHB Ismael Rodríguez 0-0: Hit by Pitch
Batting: LHB Matt Taylor 0-0: Ball
1-0: Swinging Strike
1-1: Swinging Strike
1-2: Strikes out swinging
Top of the 4th over - 0 runs, 0 hits, 0 errors, 1 left on base; Fort Collins 0 - Pueblo 2
BOTTOM OF THE 4TH
Pueblo Prairie Dogs batting - Pitching for Fort Collins Commoners : LHP Mario Peña
Batting: LHB Bartholomeu Marrafa 0-0: Ball
1-0: Called Strike
1-1: Foul Ball, location: 2F
1-2: Foul Ball, location: 2F
1-2: Ball
2-2: Foul Ball, location: 2F
2-2: Ball
3-2: Strikes out swinging
Batting: SHB Jeff Page 0-0: SINGLE (Groundball, 56D)
Batting: LHB Jesse Bowen 0-0: Grounds into double play, 6-4-3 (Groundball, 6)
Bottom of the 4th over - 0 runs, 1 hit, 0 errors, 0 left on base; Fort Collins 0 - Pueblo 2
TOP OF THE 5TH
Fort Collins Commoners batting - Pitching for Pueblo Prairie Dogs : LHP John Avery
Batting: RHB Edward Green 0-0: Foul Ball, location: 2F
0-1: Called Strike
0-2: Foul Ball, location: 2F
0-2: Ball
1-2: Ball
2-2: SINGLE (Groundball, 56S) (infield hit)
Batting: SHB Paul Davenport 0-0: Fly out, F8 (Flyball, 8LS)
Batting: RHB Ron Moore 0-0: Foul Ball, location: 2F
0-1: Foul Ball, location: 2F
0-2: Ball
1-2: Ball
2-2: SINGLE (Flyball, 8RS)
Edward Green to second
Batting: RHB António Rodríguez 0-0: Ball
1-0: SINGLE (Line Drive, 4M)
Edward Green to third
Ron Moore to second
Runner from 3rd tries for Home, SAFE, no throw
Batting: LHB Paul Lee 0-0: Ball
1-0: Ball
2-0: Called Strike
2-1: Ball
3-1: Foul Ball, location: 2F
3-2: Strikes out swinging
Batting: RHB David Brady 0-0: Called Strike
0-1: Ball
1-1: Foul Ball, location: 2F
1-2: Foul Ball, location: 2F
1-2: Ball
2-2: Ball
3-2: Strikes out swinging
Top of the 5th over - 1 run, 3 hits, 0 errors, 2 left on base; Fort Collins 1 - Pueblo 2
BOTTOM OF THE 5TH
Pueblo Prairie Dogs batting - Pitching for Fort Collins Commoners : LHP Mario Peña
Batting: RHB Pedro Cavazos 0-0: Called Strike
0-1: Ball
1-1: SINGLE (Groundball, 56) (infield hit)
Batting: RHB Ramón Garza 0-0: Fly out, F3 (Popup, 3S)
Batting: RHB Steve Murphy 0-0: Ball
1-0: Called Strike
1-1: Ball
2-1: Foul Ball, location: 2F
2-2: Strikes out swinging
Batting: RHB Eric Barthorpe 0-0: Called Strike
0-1: Ball
1-1: Foul Ball, location: 2F
1-2: SINGLE (Line Drive, 6)
Pedro Cavazos to second
Batting: RHB Danny Boykins 0-0: Ball
1-0: Foul Ball, location: 2F
1-1: DOUBLE (Line Drive, 7D)
Pedro Cavazos scores
Eric Barthorpe to third
Batting: RHB Harry Wilkins 0-0: Foul Ball, location: 2F
0-1: Foul Ball, location: 2F
0-2: Ball
1-2: Fly out, F7 (Flyball, 7LS)
Bottom of the 5th over - 1 run, 3 hits, 0 errors, 2 left on base; Fort Collins 1 - Pueblo 3
TOP OF THE 6TH
Fort Collins Commoners batting - Pitching for Pueblo Prairie Dogs : LHP John Avery
Batting: LHB Caleb Ruíz 0-0: Called Strike
0-1: Ball
1-1: Ball
2-1: Called Strike
2-2: Foul Ball, location: 2F
2-2: Ball
3-2: SINGLE (Line Drive, 89M)
Batting: RHB Ismael Rodríguez 0-0: Called Strike
0-1: Fielders Choice at 2nd, 6-4 (Groundball, 6)
Batting: LHB Matt Taylor 0-0: Ball
Throwing error on steal attempt, E2
Ismael Rodríguez to third
1-0: Foul Ball, location: 2F
1-1: Swinging Strike
1-2: Foul Ball, location: 2F
1-2: Strikes out swinging
Batting: RHB Edward Green 0-0: Ball
1-0: Swinging Strike
1-1: Ball
2-1: Ball
3-1: Called Strike
3-2: Base on Balls
Batting: SHB Paul Davenport 0-0: Ball
1-0: Called Strike
1-1: Called Strike
1-2: Foul Ball, location: 2F
1-2: Ball
2-2: Foul Ball, location: 2F
2-2: Ball
3-2: Foul Ball, location: 2F
3-2: Foul Ball, location: 2F
3-2: Ground out 5-3 (Groundball, 56)
Top of the 6th over - 0 runs, 1 hit, 1 error, 2 left on base; Fort Collins 1 - Pueblo 3
BOTTOM OF THE 6TH
Pueblo Prairie Dogs batting - Pitching for Fort Collins Commoners : LHP Mario Peña
Batting: LHB Bartholomeu Marrafa 0-0: Swinging Strike
0-1: Swinging Strike
0-2: Ball
1-2: Ball
2-2: Strikes out looking
Batting: SHB Jeff Page 0-0: Ball
1-0: Foul Ball, location: 2F
1-1: Foul Ball, location: 2F
1-2: Strikes out swinging
Batting: LHB Jesse Bowen 0-0: Ball
1-0: Ball
2-0: Ball
3-0: Called Strike
3-1: Fly out, F8 (Flyball, 8LD)
Bottom of the 6th over - 0 runs, 0 hits, 0 errors, 0 left on base; Fort Collins 1 - Pueblo 3
TOP OF THE 7TH
Fort Collins Commoners batting - Pitching for Pueblo Prairie Dogs : LHP John Avery
Pitching: RHP António Rey
Batting: RHB Ron Moore 0-0: Swinging Strike
0-1: Foul Ball, location: 2F
0-2: Ball
1-2: Foul Ball, location: 2F
1-2: Foul Ball, location: 2F
1-2: Foul Ball, location: 2F
1-2: Ball
2-2: Foul Ball, location: 2F
2-2: Strikes out looking
Batting: RHB António Rodríguez 0-0: Called Strike
0-1: Fly out, F4 (Popup, 4MD)
Batting: LHB Paul Lee 0-0: Ground out U3 (Groundball, 3L)
Top of the 7th over - 0 runs, 0 hits, 0 errors, 0 left on base; Fort Collins 1 - Pueblo 3
BOTTOM OF THE 7TH
Pueblo Prairie Dogs batting - Pitching for Fort Collins Commoners : LHP Mario Peña
Pitching: RHP Vicente Castro
Batting: RHB Pedro Cavazos 0-0: Swinging Strike
0-1: Ground out 1-3 (Groundball, 13)
Batting: RHB Ramón Garza 0-0: Foul Ball, location: 2F
0-1: Foul Ball, location: 2F
0-2: Strikes out swinging
Batting: RHB Steve Murphy 0-0: Ball
1-0: Swinging Strike
1-1: Foul Ball, location: 2F
1-2: Strikes out swinging
Bottom of the 7th over - 0 runs, 0 hits, 0 errors, 0 left on base; Fort Collins 1 - Pueblo 3
TOP OF THE 8TH
Fort Collins Commoners batting - Pitching for Pueblo Prairie Dogs : RHP António Rey
Batting: RHB David Brady 0-0: Called Strike
0-1: Ball
1-1: Swinging Strike
1-2: SOLO HOME RUN (Flyball, 78XD), Distance : 437 ft
Batting: LHB Caleb Ruíz 0-0: Ball
1-0: Ball
2-0: Ball
3-0: Called Strike
3-1: SINGLE (Flyball, 8RS)
Pitching: RHP Dante Piccoli
Pinch Runner at 1st Montego Martínez:
Batting: RHB Ismael Rodríguez 0-0: Fielders Choice at 2nd, 4-6 (Groundball, 4)
Batting: LHB Matt Taylor 0-0: Ball
1-0: Called Strike
1-1: Called Strike
1-2: Strikes out swinging
Pinch Hitting: RHB Claudio Rodríguez 0-0: Ball
Wild Pitch!
Ismael Rodríguez to second
1-0: Ball
2-0: Ball
3-0: Base on Balls
Batting: SHB Paul Davenport 0-0: Ground out 1-3 (Groundball, 13S)
Top of the 8th over - 1 run, 2 hits, 0 errors, 2 left on base; Fort Collins 2 - Pueblo 3
BOTTOM OF THE 8TH
Pueblo Prairie Dogs batting - Pitching for Fort Collins Commoners : RHP Vicente Castro
Now at 1B: Jesús González
Now at 2B: Montego Martínez
Batting: RHB Eric Barthorpe 0-0: Called Strike
0-1: Ball
1-1: Ground out 4-3 (Groundball, 4)
Batting: RHB Danny Boykins 0-0: Called Strike
0-1: Foul Ball, location: 2F
0-2: Ball
1-2: Strikes out looking
Batting: RHB Harry Wilkins 0-0: Ball
1-0: Hit by Pitch
Batting: LHB Bartholomeu Marrafa 0-0: Swinging Strike
0-1: Ball
1-1: Ball
2-1: Fly out, F8 (Flyball, 8LM)
Bottom of the 8th over - 0 runs, 0 hits, 0 errors, 1 left on base; Fort Collins 2 - Pueblo 3
TOP OF THE 9TH
Fort Collins Commoners batting - Pitching for Pueblo Prairie Dogs : RHP Dante Piccoli
Pitching: RHP Alonso Palmeiro
Now in LF: Hunter Bond
Batting: RHB Ron Moore 0-0: Ball
1-0: Ground out 5-3 (Groundball, 5)
Batting: RHB António Rodríguez 0-0: Called Strike
0-1: Foul Ball, location: 2F
0-2: Ball
1-2: Ball
2-2: Ball
3-2: Base on Balls
Batting: LHB Paul Lee 0-0: SINGLE (Groundball, 4MD)
António Rodríguez to second
Runner from 2nd tries for 3rd, OUT!
Pinch Hitting: RHB Shawn López 0-0: Ball
1-0: Foul Ball, location: 2F
1-1: Foul Ball, location: 2F
1-2: Ball
2-2: Ball
3-2: Foul Ball, location: 2F
3-2: Base on Balls
Paul Lee to second
Batting: RHB Montego Martínez 0-0: Ball
1-0: Swinging Strike
1-1: Foul Ball, location: 2F
1-2: Strikes out swinging
Top of the 9th over - 0 runs, 1 hit, 0 errors, 2 left on base; Fort Collins 2 - Pueblo 3
Saturday, December 16th, 2017 - OOTP Baseball 18.8 Build 76